 Dungeon Crawl Stone Soup version 0.30.0-29-ga12c61a403 (webtiles) character file.

Game seed: 10812228168830045463

22 wingedge the Shield-Bearer (level 2, -5/23 HPs)
             Began as a Demigod Wanderer on June 22, 2023.
             Slain by a gnoll
             ... wielding a +0 flail
              (7 damage)
             ... on level 1 of the Dungeon.
             The game lasted 00:03:58 (1112 turns).

wingedge the Shield-Bearer (Demigod Wanderer)       Turns: 1112, Time: 00:03:59

Health: -5/23      AC:  2    Str: 16    XL:     2   Next: 51%
Magic:  5/7        EV: 10    Int: 14    God:
Gold:   98         SH:  4    Dex: 10    Spells: 1/4 levels left

rFire   . . .        a - +0 hand axe
rCold   . . .        b - +0 buckler
rNeg    . . .        k - +0 robe
rPois   .            (no helmet)
rElec   .            (no cloak)
rCorr   .            (no gloves)
SInv    .            (no boots)
Will    .....        (no amulet)
Stlth   +            (no ring)
HPRegen 0.23/turn    (no ring)
MPRegen 0.10/turn

%: no passive effects
@: no status effects
A: high MP 1, forlorn, divine attributes
a: no special abilities


You were on level 1 of the Dungeon.
You visited 1 branch of the dungeon, and saw 2 of its levels.

You collected 98 gold pieces.

Inventory:

Hand Weapons
 a - a +0 hand axe (weapon)
Missiles
 j - 2 silver javelins (quivered)
Armour
 b - a +0 buckler (worn)
 d - a +0 leather armour
 h - a +0 ring mail
 i - a +0 kite shield
 k - a +0 robe (worn)
Scrolls
 f - a scroll of immolation {unknown}
Potions
 c - a potion of berserk rage
 e - a potion of degeneration {unknown}
 g - a potion of curing {unknown}


   Skills:
 - Level 1.0 Fighting
 + Level 1.7 Axes
 + Level 2.7 Shields
 + Level 1.7 Spellcasting
 + Level 2.0 Conjurations
 + Level 2.0 Fire Magic


You had one spell level left.
You knew the following spells:

 Your Spells              Type           Power      Damage    Failure   Level
a - Foxfire               Conj/Fire      24%        2x1d5     14%         1
b - Scorch                Fire           12%        2d6       21%         2

Your spell library contained the following spells:

 Spells                   Type           Power      Damage    Failure   Level
 Magic Dart               Conj           24%        1d4       14%         1
 Call Imp                 Summ           2%         N/A       43%         2
 Volatile Blastmotes      Fire/Tloc      8%         2d10      52%         3
 Mephitic Cloud           Conj/Pois/Air  3%         N/A       56%         3


Dungeon Overview and Level Annotations

Branches:
Dungeon (2/15)


Innate Abilities, Weirdness & Mutations

You have an increased reservoir of magic. (+10% MP)
You shall have no god before yourself.
Your divine heritage dramatically boosts your attributes as you level up.


Message History

Your Conjurations skill increases to level 2!
You need to enable at least one skill for training.
Magic restored.
A ball python comes into view.
The ball python hisses angrily.
Casting: Foxfire (safe; 14% risk of failure)
Confirm with . or Enter, or press ? or * to list all spells.
You conjure some foxfire!
The foxfire hits the ball python.
You kill the ball python!
You see here a ball python corpse.
You now have 98 gold pieces (gained 10).
You see here 6 stones.
Found a spear.
You see here a +0 spear.
You see here 7 stones.
Done exploring.
There is an escape hatch in the floor here.
There is a stone staircase leading down here.
You climb downwards.
The gnoll shouts! x4
Found a scroll labelled DEUX RILLIO.
Found a stone staircase leading up.
There is a stone staircase leading up here.
The gnoll hits you from afar with a +0 spear.
The gnoll hits you with a +0 flail!
Ouch! That really hurt!
* * * LOW HITPOINT WARNING * * *
The gnoll hits you from afar with a +0 spear.
* * * LOW HITPOINT WARNING * * *
You climb upwards.
There is a stone staircase leading down here.
Okay, then.
Casting: Foxfire (safe; 14% risk of failure)
Confirm with . or Enter, or press ? or * to list all spells.
Okay, then.
Casting: Foxfire (safe; 14% risk of failure)
Confirm with . or Enter, or press ? or * to list all spells.
Flames lash the gnoll.
The gnoll is moderately wounded.
The gnoll's fire resistance burns away.
The gnoll hits you with a +0 flail!
You die...

##### ....# ###.##############
###.##.....>.....################
.......########..................
....###########.g.####)##########
#...............@.# #.#
#.###.###...###..## #.# ..#
#..#.#.#.##..# #.#
#.###............## #.#
......##......)...####.#######
............#.#..............#
.................####..#####.#
.......#######..## #.## #.#
#####..# #..## #.# #.#


You could see a gnoll (combustible).

Vanquished Creatures
  5 ball pythons (D:1)
  2 endoplasms (D:1)
  A giant cockroach (D:1)
  3 goblins (D:1)
  A hobgoblin (D:1)
  2 jackals (D:1)
  4 kobolds (D:1)
  A rat (D:1)
19 creatures vanquished.

Vanquished Creatures (others)
  41 foxfires (D:1)
41 creatures vanquished.

Grand Total: 60 creatures vanquished

Notes
Turn   | Place    | Note
-------+----------+-------------------------------------------
     0 | D:1      | wingedge the Demigod Wanderer began the quest for the Orb.
     0 | D:1      | wingedge set off with the following items: a +0 hand axe, a
                  | +0 buckler, a potion of berserk rage, a +0 leather armour;
                  | and the following spell memorised: Foxfire; and the
                  | following spells available to memorise: Scorch, Volatile
                  | Blastmotes.
     0 | D:1      | Reached XP level 1. HP: 16/16 MP: 5/5
   184 | D:1      | Reached skill level 1 in Conjurations
   324 | D:1      | Reached XP level 2. HP: 23/23 MP: 0/7
   392 | D:1      | Learned a level 2 spell: Scorch
  1110 | D:2      | HP: 1/23 [gnoll/+0 spear (5)]
  1112 | D:1      | Slain by a gnoll

Illustrated notes

Levels and vault maps discovered:
D:1:      mrwooster_arrival_arrow, layout_loops_ring, minmay_split_cup_small
D:2:      layout_rooms, chequers_serial_rivers_room_b

Skill      XL: |  1  2 |
---------------+-------+-----
Fire Magic     | 2 |  2.0
Conjurations   | 1 2 |  2.0
Fighting       | |  1.0
Axes           | |  1.7
Shields        | |  2.7
Spellcasting   | |  1.7

Action                     || total
---------------------------++-------
  Melee: Hand axe          ||     2
   Cast: Foxfire           ||    32
         Scorch            ||     1
  Dodge: Dodged            ||     2
  Block: Buckler           ||     2
